 Dungeon Crawl Stone Soup version 0.27-a0-1065-ge809cff456 (webtiles) character file.

Game seed: 9104973071659399502

90 siradein the Ruffian (level 4, -2/45 HPs)
             Began as a Troll Monk on Apr 22, 2021.
             Slain by a gnoll
             ... wielding a +0 halberd
              (17 damage)
             ... on level 4 of the Dungeon.
             The game lasted 00:04:57 (1795 turns).

siradein the Ruffian (Troll Monk)                   Turns: 1795, Time: 00:04:57

Health: -2/45      AC:  4    Str: 19    XL:     4   Next: 32%
Magic:  3/3        EV: 10    Int:  6    God:
Gold:   42         SH:  0    Dex: 13    Spells: 3/3 levels left

rFire    . . .     SeeInvis .     - Unarmed
rCold    . . .     Faith    .   (no shield)
rNeg     . . .     Spirit   .   a - +0 robe
rPois    .         Reflect  .   (helmet restricted)
rElec    .         Harm     .   (no cloak)
rCorr    .         Rampage  .   (gloves unavailable)
Will     .....                  (boots unavailable)
Stlth    ++........             (no amulet)
HPRegen  1.15/turn              (no ring)
MPRegen  0.08/turn              (no ring)

@: no status effects
A: large, unfitting armour, claws 3, regeneration 1, shaggy fur 1, tough skin 1
a: no special abilities


You were on level 4 of the Dungeon.
You visited 1 branch of the dungeon, and saw 4 of its levels.

You collected 42 gold pieces.

Inventory:

Missiles
 f - 6 silver boomerangs (quivered)
 h - 21 poisoned darts
Armour
 a - a +0 robe (worn)
Scrolls
 b - 2 scrolls of enchant weapon {unknown}
 c - a scroll of teleportation {unknown}
 e - 5 scrolls of identify {unknown}
 g - a scroll of amnesia {unknown}
Potions
 d - 2 potions of resistance {unknown}


   Skills:
 + Level 3.1 Fighting
 + Level 3.1 Dodging
 - Level 1.0 Stealth
 + Level 3.8 Unarmed Combat


You had 3 spell levels left.
You didn't know any spells.
Your spell library was empty.

Dungeon Overview and Level Annotations

Branches:
Dungeon (4/15)
 Temple: D:4-7

Altars:
Fedhas
Kikubaaqudgha
Zin

Annotations:
D:3 3 runed translucent doors, Snicker's ghost, amateur DsBr; Sobieck's ghost, weakling VSMo; kd29's ghost, amateur DrTm; siradein's ghost, weakling MiGl; snetch's ghost, weakling HOMo


Innate Abilities, Weirdness & Mutations

You are too large for most types of armour.
You have claws for hands.
Your natural rate of healing is unusually fast.
You are covered in fur. (AC +1)
You have tough skin. (AC +1)


Message History

You hear the sound of rushing water.
There is an entrance to a sewer on this level.
Hurry and find it before the portal rusts away!
There is a stone staircase leading up here.
Unknown command.
Found a scroll labelled USUOTHRU KIGODU.
e - 5 scrolls labelled USUOTHRU KIGODU (gained 1)
Found 2 atropa-tipped darts.
A gnoll comes into view. It is wielding a +0 whip.
A gnoll comes into view. It is wielding a +0 spear.
A gnoll comes into view. It is wielding a +0 halberd.
The gnoll shouts! x2
The gnoll hits you from afar with a +0 halberd!
You hear a shout!
Found 12 gold pieces.
Found a stone staircase leading up.
A hobgoblin comes into view.
The hobgoblin shouts!
A quokka comes into view.
The gnoll barely misses you. x2
The gnoll hits you from afar with a +0 halberd!
You closely miss the gnoll. The gnoll hits you with a +0 whip.
You scratch the gnoll.
The gnoll is heavily wounded.
The gnoll hits you with a +0 whip. The gnoll closely misses you.
You claw the gnoll!
You kill the gnoll!
The gnoll hits you from afar with a +0 spear.
The gnoll barely misses you. The gnoll closely misses you.
You see here a +0 whip.
You scratch the gnoll.
The gnoll is heavily wounded.
The gnoll hits you from afar with a +0 halberd.
The gnoll hits you but does no damage.
You closely miss the gnoll.
The gnoll is heavily wounded.
The gnoll hits you from afar with a +0 halberd!
The gnoll hits you but does no damage.
You barely miss the gnoll.
The gnoll is heavily wounded.
The gnoll hits you from afar with a +0 halberd!
You die...

....... ......#
##.......
#........
#........
##...$.g..
#gg.<.....
#g#.......
#@#.......
#######.####...#
.....(..........
.######.#.#.####
##....#..#
#...#......
#...#.#.#####
....###...# ##..
##...#


You could see 2 gnolls and a hobgoblin.

Vanquished Creatures
  2 adders
  A gnoll (D:4)
  A worm (D:2)
  3 dart slugs
  An orc (D:3)
  4 bats (D:1)
  3 endoplasms
  4 giant cockroaches
  3 hobgoblins
  4 jackals (D:2)
  2 ball pythons (D:1)
  4 frilled lizards
  7 goblins
  7 kobolds
  8 rats
54 creatures vanquished.

Notes
Turn   | Place    | Note
-------+----------+-------------------------------------------
     0 | D:1      | siradein the Troll Monk began the quest for the Orb.
     0 | D:1      | Reached XP level 1. HP: 22/22 MP: 0/0
    64 | D:1      | Reached XP level 2. HP: 27/29 MP: 1/1
   559 | D:2      | Reached XP level 3. HP: 36/36 MP: 2/2
   954 | D:2      | Found a blossoming altar of Fedhas.
  1315 | D:3      | Found a glowing silver altar of Zin.
  1369 | D:3      | Reached XP level 4. HP: 45/45 MP: 3/3
  1547 | D:3      | Found a runed translucent gate.
  1547 | D:3      | Found a runed translucent gate.
  1547 | D:3      | Found a runed translucent gate.
  1549 | D:3      | Noticed kd29's ghost (amateur DrTm)
  1549 | D:3      | Noticed snetch's ghost (weakling HOMo)
  1550 | D:3      | Noticed Snicker's ghost (amateur DsBr)
  1550 | D:3      | Noticed siradein's ghost (weakling MiGl)
  1550 | D:3      | Noticed Sobieck's ghost (weakling VSMo)
  1576 | D:3      | Found an ancient bone altar of Kikubaaqudgha.
  1795 | D:4      | Slain by a gnoll

Illustrated notes

Levels and vault maps discovered:
D:1:      minmay_arrival_four_loops, layout_rooms
D:2:      layout_loops_ring, basic_altar, st_stairs_8,
          amcnicky_mini_corridor_feature
D:3:      layout_rooms, lemuel_coloured_pillars_altar, general_overflow_altar,
          gammafunk_ghost_cemetery
D:4:      cheibrodos_old_hovel, layout_rooms, serial_rivers,
          chequers_serial_rivers_small_b, chequers_serial_rivers_small_3,
          chequers_serial_rivers_micro_b, chequers_serial_rivers_micro_a,
          serial_shops, nicolae_shop_stone, gup_sewer_entry_bowl, wad_orctagon

Skill      XL: |  1  2  3 |
---------------+----------+-----
Fighting       | 3 |  3.1
Dodging        | 3 |  3.1
Stealth        | |  1.0
Unarmed Combat | |  3.8

Action                   |  1- 3 |  4- 6 || total
-------------------------+-------+-------++-------
Melee: Unarmed           |   106 |    19 ||   125
 Stab: Sleeping          |     1 |     1 ||     2
       Distracted        |     1 |       ||     1
Armor: Robe              |    32 |     5 ||    37
Dodge: Dodged            |    56 |     8 ||    64

Table legend: (Time is in decaauts)
 A = Elapsed time spent in this place.
 B = Non-inter-level travel time spent in this place.
 C = Inter-level travel time spent in this place.
 D = Time resting spent in this place.
 E = Time spent auto-exploring this place.
 F = Levels seen in this place.
 G = Mean time per level.
                   A        B        C        D        E       F      G
               +--------+--------+--------+--------+--------+-----+--------+
         Total |   1789 |   1686 |    103 |      0 |   1296 |   4 |  447.2 |
       Dungeon |   1789 |   1686 |    103 |      0 |   1296 |   4 |  447.2 |
               +--------+--------+--------+--------+--------+-----+--------+

Top non-repeatable levels by time:
     D:2: 709 daAuts
     D:1: 541 daAuts
     D:3: 505 daAuts
     D:4: 33 daAuts
